 Dungeon Crawl Stone Soup version 0.30-a0-953-g5f1da4a474 (webtiles) character file.

Game seed: 7429853244416775724

1657 Jackthecabe the Covert (level 9, 0/52 HPs)
             Began as a Vine Stalker Brigand on Mar 29, 2023.
             Was a Believer of Wu Jian.
             Succumbed to a scorpion's poison
             ... on level 5 of the Dungeon.
             The game lasted 00:09:52 (3946 turns).

Jackthecabe the Covert (Vine Stalker Brigand)       Turns: 3946, Time: 00:09:52

Health: 0/52       AC:  4    Str: 19    XL:     9   Next: 0%
Magic:  4/10       EV: 11    Int: 11    God:    Wu Jian [**....]
Gold:   134        SH:  0    Dex: 21    Spells: 8/8 levels left

rFire   . . .      SeeInvis .    a - +2 dagger
rCold   . . .      Faith    +    (no shield)
rNeg    . . .      Spirit   +    b - +0 robe
rPois   .          Reflect  .    (no helmet)
rElec   .          Rampage  .    c - +0 cloak
rCorr   .                        (no gloves)
Will    +....                    w - +0 pair of boots
Stlth   ++                       g - amulet of faith {!P}
HPRegen 1.08/turn                S - +6 ring of strength
MPRegen 0.12/turn                (no ring)

@: confused, brilliant, lethally poisoned (0 -> -5), ambrosia-drunk
A: fangs 3, regeneration 1, magic shield, antimagic bite, no potion heal 2
a: Renounce Religion, Wall Jump


You were on level 5 of the Dungeon.
You worshipped Wu Jian.
Wu Jian was pleased with you.
You visited 1 branch of the dungeon, and saw 6 of its levels.
You also visited: Sewer.

You collected 244 gold pieces.
You spent 110 gold pieces at shops.


Innate Abilities, Weirdness & Mutations

You have razor-sharp teeth.
Your natural rate of healing is unusually fast.
When hurt, damage is shared between your health and your magic reserves.
Your bite disrupts and absorbs the magic of your enemies.
Potions cannot restore your health.


   Skills:
 - Level 8.3 Fighting
 * Level 9.2 Short Blades
 - Level 1.7 Throwing
 - Level 0.7 Dodging
 + Level 10.3 Stealth


You had 8 spell levels left.
You didn't know any spells.
Your spell library contained the following spells:

 Spells                   Type           Power      Damage    Failure   Level
 Magic Dart               Conj           0%         1d3       34%         1
 Searing Ray              Conj           0%         2d4       47%         2
 Inner Flame              Hex/Fire       0%         N/A       71%         3
 Flame Wave               Conj/Fire      0%         2d4       98%         4
 Fulminant Prism          Conj/Hex       0%         3d5       98%         4
 Sticky Flame             Conj/Fire      0%         2d3       98%         4

Inventory:

Hand Weapons
 a - a +2 dagger (weapon)
Missiles
 d - 14 poisoned darts (quivered)
 e - 3 curare-tipped darts {=f}
Armour
 b - a +0 robe (worn)
 c - a +0 cloak (worn)
 w - a +0 pair of boots (worn)
Jewellery
 f - an amulet of regeneration
 g - an amulet of faith (around neck) {!P}
 C - a ring of ice
 L - a ring of flight
 S - a +6 ring of strength (left hand)
Wands
 o - a wand of polymorph (5)
 t - a wand of iceblast (8)
 x - a wand of acid (13)
 E - a wand of digging (5)
Scrolls
 i - 2 scrolls of brand weapon {unknown}
 k - a scroll of fog
 l - 3 scrolls of poison
 m - 2 scrolls of blinking
 n - 2 scrolls of enchant armour
 p - 2 scrolls of teleportation {@r2}
 q - a scroll of fear
 r - 3 scrolls of immolation {unknown}
 s - a scroll of identify {@r1}
 v - 2 scrolls of magic mapping {unknown}
 y - a scroll of torment {unknown}
 z - a scroll of amnesia
 D - a scroll of enchant weapon {unknown}
Potions
 h - 3 potions of heal wounds {@q2}
 u - a potion of brilliance
 A - a potion of cancellation
 B - a potion of might

Dungeon Overview and Level Annotations

Branches:
Dungeon (6/15)             Temple (0/1) D:6           Sewer (visited)

Altars:
Cheibriados
Kikubaaqudgha
Okawaru
Sif Muna
Wu Jian

Shops:
D:3 *

Annotations:
D:3 Sigmund
D:5 1 runed translucent door, Crazy Yiuf

.## #.# #.# .# #.# #.###
.######.# #.... ).......#
##.### .######## #.## #
.))...# #.# #####.# #.## #
#.################# ##.###
#..>[......s@)....#######....
#.###############...........#
# #.# #########.### #####.#
##########.# # ......#
#..........# # #####.#
#.########## # ......# #.# #
####### #.# # #.# #


You could see a scorpion.


Message History

You feel sick. The scorpion stings you.
* * * LOW HITPOINT WARNING * * *
You are more poisoned.
The scorpion poisons you!
You hit the scorpion but do no damage.
The scorpion is moderately wounded.
You feel sick. The scorpion stings you.
You barely miss the scorpion.
The scorpion is moderately wounded.
You feel sick.
You hit the scorpion but do no damage. Your bite misses the scorpion.
The scorpion is moderately wounded.
You feel sick. The scorpion stings you.
* * * LOW HITPOINT WARNING * * *
You are lethally poisoned!
The scorpion poisons you!
It was a potion of cancellation.
You feel magically purged.
* * * LOW HITPOINT WARNING * * *
You feel very sick.
The scorpion stings you but does no damage.
It was a potion of brilliance.
You feel clever all of a sudden.
* * * LOW HITPOINT WARNING * * *
You feel very sick. The scorpion stings you.
Okay, then.
It was a potion of ambrosia.
You are confused.
Your system rejects the healing.
You feel invigorated.
You die...

Skill      XL: |  1  2  3  4  5  6  7  8 |
---------------+-------------------------+-----
Short Blades   | 2 3 4 5 8 9 |  9.2
Fighting       | 8 |  8.3
Stealth        | 9 10 | 10.3
Throwing       | |  1.7
Dodging        | |  0.7

Action                     |  1- 3 |  4- 6 |  7- 9 || total
---------------------------+-------+-------+-------++-------
  Melee: Dagger            |   126 |   138 |   213 ||   477
         Bite              |    31 |    32 |    73 ||   136
         Punch             |     3 |     2 |     2 ||     7
  Throw: Dart              |     2 |       |       ||     2
Ability: Lunge             |       |     1 |    23 ||    24
         Whirlwind         |       |       |     1 ||     1
    Use: Scroll            |       |     9 |       ||     9
         Potion            |       |     1 |     4 ||     5
   Stab: Sleeping          |    12 |     2 |    16 ||    30
 Armour: Robe              |    20 |    23 |    26 ||    69
  Dodge: Dodged            |    55 |    67 |    70 ||   192

Levels and vault maps discovered:
D:1:      mushboom_english_gardens, layout_rooms
D:2:      layout_basic
D:3:      wad_woods_stonehenge, layout_basic, serial_shops, shop, uniq_terence,
          uniq_sigmund
D:4:      layout_rooms, minmay_overflow_temple_star_quad, minmay_mini_ossuary
D:5:      layout_loops_ring, cheibriados_altar_1, uniq_crazy_yiuf_cottage,
          uniq_ijyb, uniq_menkaure, uniq_eustachio
D:6:      layout_cave_pools, nicolae_dithmenos_shadow_blocks, temple_green,
          gup_sewer_entry_spiral

Notes
Turn   | Place    | Note
-------+----------+-------------------------------------------
     0 | D:1      | Jackthecabe the Vine Stalker Brigand began the quest for
                  | the Orb.
     0 | D:1      | Reached XP level 1. HP: 11/11 MP: 2/2
    42 | D:1      | Reached skill level 2 in Short Blades
   106 | D:1      | Reached XP level 2. HP: 15/15 MP: 3/3
   307 | D:1      | Reached skill level 3 in Short Blades
   407 | D:1      | Reached XP level 3. HP: 18/18 MP: 4/4
  1058 | D:3      | Gained mutation: Your natural rate of healing is unusually
                  | fast. [Vine Stalker growth]
  1058 | D:3      | Reached XP level 4. HP: 21/23 MP: 1/5
  1180 | D:3      | Found a shimmering blue altar of Sif Muna.
  1182 | D:3      | Noticed Terence
  1220 | D:3      | Killed Terence
  1221 | D:3      | Reached skill level 4 in Short Blades
  1307 | D:3      | Found Ydaz's General Store.
  1330 | D:3      | Noticed Sigmund
  1345 | D:3      | Bought a scroll of identify for 20 gold pieces
  1345 | D:3      | Bought a potion of heal wounds for 50 gold pieces
  1345 | D:3      | Bought a scroll of identify for 20 gold pieces
  1345 | D:3      | Bought a scroll of identify for 20 gold pieces
  1872 | D:4      | Reached XP level 5. HP: 26/26 MP: 6/6
  2019 | D:4      | Noticed a water moccasin
  2037 | D:4      | Killed a water moccasin
  2038 | D:4      | Reached skill level 5 in Short Blades
  2038 | D:4      | Reached XP level 6. HP: 26/30 MP: 4/7
  2163 | D:4      | Found an ornate altar of the Wu Jian Council.
  2197 | D:4      | Found an ancient bone altar of Kikubaaqudgha.
  2202 | D:4      | Became a worshipper of the Wu Jian Council
  2211 | D:4      | Found an iron altar of Okawaru.
  2441 | D:4      | Reached skill level 6 in Short Blades
  2473 | D:4      | Identified a potion of experience
  2476 | D:4      | Reached skill level 8 in Fighting
  2476 | D:4      | Reached skill level 8 in Short Blades
  2476 | D:4      | Reached skill level 9 in Stealth
  2476 | D:4      | Reached XP level 7. HP: 44/44 MP: 8/8
  2505 | D:5      | Entered Level 5 of the Dungeon
  2653 | D:5      | Found a runed translucent door.
  2654 | D:5      | Noticed Crazy Yiuf
  2684 | D:5      | Noticed Eustachio
  2730 | D:5      | Killed Eustachio
  2731 | D:5      | Gained mutation: You have razor-sharp teeth. [Vine Stalker
                  | growth]
  2731 | D:5      | Reached XP level 8. HP: 48/48 MP: 9/9
  2834 | D:5      | Found a snail-covered altar of Cheibriados.
  2851 | D:5      | Noticed Ijyb
  2863 | D:5      | Noticed Menkaure
  2972 | D:5      | Killed Ijyb
  3093 | D:5      | Killed Menkaure
  3315 | D:6      | Reached * piety under Wu Jian
  3327 | D:6      | Found a glowing drain.
  3331 | Sewer    | Entered a sewer
  3401 | Sewer    | Noticed Pargi
  3416 | Sewer    | Killed Pargi
  3417 | Sewer    | Reached skill level 10 in Stealth
  3570 | D:6      | Reached skill level 9 in Short Blades
  3598 | D:6      | Found a staircase to the Ecumenical Temple.
  3811 | D:5      | Reached XP level 9. HP: 49/52 MP: 8/10
  3938 | D:5      | Reached ** piety under Wu Jian
  3944 | D:5      | HP: 4/52 [poisoned by a scorpion]
  3945 | D:5      | HP: 1/52 [poisoned by a scorpion]
  3946 | D:5      | Succumbed to a scorpion's poison

Vanquished Creatures
  Eustachio (D:5)
  Menkaure (D:5)
  A water moccasin (D:4)
  An ice beast (D:5)
  Pargi (Sewer)
  An orc warrior (D:5)
  A scorpion (D:5)
  4 wights
  An orc priest (D:5)
  A jelly (D:4)
  2 iguanas
  A sleepcap (D:5)
  2 orc wizards (D:5)
  Ijyb (D:5)
  Terence (D:3)
  A mummy (D:4)
  9 adders
  A white imp (D:5)
  An ufetubus (D:4)
  3 worms
  3 dart slugs
  13 orcs
  4 endoplasms (D:1)
  2 giant cockroaches
  2 goblins
  7 hobgoblins
  3 jackals (D:5)
  10 quokkas
  9 ball pythons
  7 bats
  7 frilled lizards
  5 kobolds
  2 kobold zombies (D:4)
  2 orc zombies (D:4)
  7 rats
118 creatures vanquished.

Vanquished Creatures (others)
  5 plants (D:3)
5 creatures vanquished.

Grand Total: 123 creatures vanquished

Table legend: (Time is in decaauts)
 A = Elapsed time spent in this place.
 B = Non-inter-level travel time spent in this place.
 C = Inter-level travel time spent in this place.
 D = Time resting spent in this place.
 E = Time spent auto-exploring this place.
 F = Levels seen in this place.
 G = Mean time per level.
                   A        B        C        D        E       F      G
               +--------+--------+--------+--------+--------+-----+--------+
         Total |   3890 |   3736 |    154 |    216 |   2367 |   7 |  555.7 |
       Dungeon |   3698 |   3544 |    154 |    216 |   2315 |   6 |  616.3 |
         Sewer |    192 |    192 |      0 |      0 |     52 |   1 |  192.0 |
               +--------+--------+--------+--------+--------+-----+--------+

Top non-repeatable levels by time:
     D:5: 1005 daAuts
     D:3: 814 daAuts
     D:4: 654 daAuts
     D:2: 522 daAuts
     D:1: 465 daAuts
     D:6: 235 daAuts
   Sewer: 192 daAuts

Table legend:
 A = Non-vault XP
 B = Vault XP
 C = Vault XP percentage of total XP
 D = Non-vault monster count
 E = Vault monster count
 F = Vault count percentage of total count
                 A         B        C        D         E       F
            +---------+---------+-------+---------+---------+-------
      Total |    1328 |     638 |  32.5 |      87 |      31 |  26.3
            +---------+---------+-------+---------+---------+-------
        D:1 |      34 |       0 |   0.0 |      21 |       0 |   0.0
        D:2 |      36 |       0 |   0.0 |      18 |       0 |   0.0
        D:3 |      24 |      46 |  65.7 |      10 |       7 |  41.2
        D:4 |     267 |      22 |   7.6 |       8 |       5 |  38.5
        D:5 |     729 |     399 |  35.4 |      25 |       3 |  10.7
        D:6 |     238 |      27 |  10.2 |       5 |       7 |  58.3
      Sewer |       0 |     144 | 100.0 |       0 |       9 | 100.0
            +---------+---------+-------+---------+---------+-------
